 Dungeon Crawl Stone Soup version 0.17-a0-1830-g81820eb (webtiles) character file.

589 Noob the Sneak (level 7, -11/48 HPs)
             Began as a Vampire Enchanter on Sept 13, 2015.
             Mangled by Prince Ribbit (14 damage)
             ... on level 5 of the Dungeon on Sept 14, 2015.
             The game lasted 01:51:47 (4154 turns).

Noob the Sneak (Vampire Enchanter)                  Turns: 4154, Time: 01:51:47

Health: -11/48     AC:  4    Str: 12    XL:     7   Next: 15%
Magic:  0/13       EV: 13    Int: 19    God:
Gold:   184        SH:  0    Dex: 15    Spells: 5 memorised, 3 levels left

rFire  + . .     SeeInvis +     K - +0 short sword (venom)
rCold  . . .     Clarity  .     j - +1 leather armour {rF+}
rNeg   + . .     SustAt   .     (no shield)
rPois  .         Gourm    .     (no helmet)
rElec  .         Spirit   .     (no cloak)
rCorr  .         Warding  .     (no gloves)
rMut   .         Stasis   .     (no boots)
MR     .....                    g - amulet of regeneration
Stlth  +++.......               (no ring)
                                (no ring)

@: mighty, very slightly contaminated, not resistant to hostile enchantments,
fairly stealthy
A: fangs 3, see invisible, unbreathing
a: Bat Form


You were on level 5 of the Dungeon.
You were not thirsty.

You visited 1 branch of the dungeon, and saw 5 of its levels.

You collected 198 gold pieces.
You spent 14 gold pieces at shops.

Inventory:

Hand weapons
 a - a +2 dagger
 l - a cursed -2 hand axe
 u - a +0 falchion
 G - a +2 rapier of electrocution
 K - a +0 short sword of venom (weapon)
Missiles
 e - 86 stones (quivered)
 f - 31 sling bullets
 h - 5 needles of slowing
 n - 2 needles of sleeping
 s - 20 poisoned needles
 y - 4 tomahawks
Armour
 b - a +1 robe
 j - a +1 leather armour of fire resistance (worn)
 E - a +0 shield
 J - a +0 robe
Jewellery
 g - an amulet of regeneration (around neck)
 i - an uncursed amulet of rage
 w - an uncursed ring of fire
Magical devices
 H - a wand of flame (24)
Scrolls
 k - 2 scrolls of teleportation
 p - 3 scrolls of blinking
 q - 5 scrolls of identify
 t - 2 scrolls of random uselessness {unknown}
 v - 2 scrolls of noise {unknown}
 B - a scroll of recharging {unknown}
 D - a scroll of remove curse {unknown}
Potions
 d - a potion of heal wounds {unknown}
 m - a potion of might
 o - a potion of magic
 r - 2 potions of curing
 x - a potion of agility
 z - a potion of resistance {unknown}
 A - a potion of brilliance {unknown}
 C - a potion of poison {unknown}
 F - a potion of haste {unknown}
 I - a potion of lignification {unknown}
Books
 c - a book of Maledictions

   Spells                             Type                      Level
   a - Corona                         Hexes                        1
   b - Ensorcelled Hibernation        Hexes/Ice                    2
   c - Confuse                        Hexes                        3
   d - Tukima's Dance                 Hexes                        3
   e - Dazzling Spray                 Conjuration/Hexes            3


   Skills:
 + Level 1.5 Fighting
 + Level 1.9 Short Blades
 + Level 1.8 Armour
 + Level 3.5 Dodging
 + Level 6.2 Stealth
 + Level 1.0 Unarmed Combat
 * Level 4.5 Spellcasting
 + Level 5.7 Hexes
 + Level 0.4 Ice Magic


You had 3 spell levels left.
You knew the following spells:

 Your Spells              Type           Power        Failure   Level  Hunger
a - Corona                Hex            ####...      1%          1    None
b - Ensorcelled Hibernat  Hex/Ice        ###...       10%         2    #......
c - Confuse               Hex            ####....     6%          3    ###....
d - Tukima's Dance        Hex            ####....     6%          3    ###....
e - Dazzling Spray        Conj/Hex       ###.....     21%         3    ###....


Dungeon Overview and Level Annotations

Branches:
Dungeon (5/15)
 Temple: D:4-7

Altars:
Trog

Shops:
D:4 =:*!*

Annotations:
D:5 Prince Ribbit


Innate Abilities, Weirdness & Mutations

You have razor-sharp teeth.
You have supernaturally acute eyesight.
You can survive without breathing.


Message History

Prince Ribbit blinks!
Casting: Dazzling Spray
Confirm with . or Enter, or press ? or * to list all spells.
Aiming: Dazzling Spray
Press: ? - help, Shift-Dir - straight line, f/p - Prince Ribbit
Aim: Prince Ribbit (heavily wounded, poisoned, softly glowing)
The spray of energy hits Prince Ribbit.
Prince Ribbit is heavily wounded.
Prince Ribbit closely misses you.
Casting: Dazzling Spray
Confirm with . or Enter, or press ? or * to list all spells.
Aiming: Dazzling Spray
Press: ? - help, Shift-Dir - straight line, f/p - Prince Ribbit
Aim: Prince Ribbit (heavily wounded, poisoned, softly glowing)
You miscast Dazzling Spray.
You feel a bit tired. Prince Ribbit hits you!
* * * LOW HITPOINT WARNING * * *
Drink which item? (? for menu, Esc to quit)
You feel very mighty all of a sudden.
Prince Ribbit stops glowing.
Prince Ribbit hits you!
You die...

..........(.##..##.#
########.[........#
# #..#.##..#.... #
#..#.##..# . #
#...#....## ###
##.#.###..# ...
..#.# ##.# # #### #
#F# #### #@# .# .<.#
#.# #.# ...#
#>####.###..# ...#
#...........# ####
######.####.#
######## #.#
........ #.######.
.###### #........ .#
#########


You could see Prince Ribbit.

Vanquished Creatures
  Blork the orc (D:5)
  2 scorpions (D:4)
  A crimson imp (D:5)
  A jelly (D:5)
  A worker ant (D:4)
  An iguana (D:4)
  7 adders
  A shadow imp (D:5)
  An ooze (D:1)
  A worm (D:4)
  5 giant geckos
  4 orcs
  3 giant cockroaches
  7 goblins
  4 hobgoblins
  10 jackals
  A quokka (D:3)
  2 ball pythons (D:3)
  A ball python skeleton (D:4)
  10 bats
  A giant gecko skeleton (D:5)
  4 giant newts
  A jackal zombie (D:5)
  2 kobolds
  9 rats
81 creatures vanquished.

Vanquished Creatures (collateral kills)
  Eustachio (D:5)
  An ogre (D:4)
  An orc priest (D:4)
  An orc (D:4)
4 creatures vanquished.

Grand Total: 85 creatures vanquished

Notes
Turn   | Place    | Note
--------------------------------------------------------------
     0 | D:1      | Noob the Vampire Enchanter began the quest for the Orb.
     0 | D:1      | Reached XP level 1. HP: 13/13 MP: 3/3
   474 | D:1      | Reached XP level 2. HP: 17/19 MP: 3/5
   546 | D:1      | Learned a level 2 spell: Ensorcelled Hibernation
   682 | D:1      | Reached skill level 1 in Unarmed Combat
  1008 | D:2      | Found a bloodstained altar of Trog.
  1014 | D:2      | Reached XP level 3. HP: 24/24 MP: 6/6
  1040 | D:2      | Learned a level 3 spell: Confuse
  1041 | D:2      | Upgraded the game from 0.17-a0-1829-g68572c6 to 0.17-a0-1830-g81820eb
  1919 | D:3      | Reached XP level 4. HP: 31/31 MP: 8/8
  2332 | D:3      | Learned a level 3 spell: Tukima's Dance
  2470 | D:3      | Reached skill level 5 in Stealth
  2615 | D:4      | Found Quza's General Store.
  2658 | D:4      | Reached skill level 1 in Fighting
  2658 | D:4      | Reached XP level 5. HP: 35/37 MP: 9/9
  2674 | D:4      | Found Dent's Distillery.
  2681 | D:4      | Reached skill level 5 in Hexes
  2721 | D:4      | Found Fiseyn's General Store.
  2776 | D:4      | Noticed an ogre
  2929 | D:4      | Killed an ogre
  2929 | D:4      | Reached skill level 6 in Stealth
  2929 | D:4      | Reached XP level 6. HP: 13/43 MP: 3/11
  3313 | D:4      | Reached skill level 1 in Armour
  3607 | D:4      | Found Degifime's Book Shop.
  3675 | D:4      | Found Moptasiwe's Jewellery Shoppe.
  3777 | D:4      | Bought a potion of degeneration for 14 gold pieces
  3789 | D:5      | Entered Level 5 of the Dungeon
  3804 | D:5      | Learned a level 3 spell: Dazzling Spray
  3942 | D:5      | Noticed Eustachio
  3950 | D:5      | Killed Eustachio
  3964 | D:5      | Reached XP level 7. HP: 46/48 MP: 7/13
  4113 | D:5      | Noticed Prince Ribbit
  4115 | D:5      | Noticed Blork the orc
  4128 | D:5      | Killed Blork the orc
  4153 | D:5      | HP: 2/48 [Prince Ribbit (16)]
  4154 | D:5      | Mangled by Prince Ribbit

Vault maps used:
D:1:      denvon_arrival_waterhouse, feat_on_display
D:2:      lemuel_crystal_altar, nrook_mini_backslash
D:3:      first_bread
D:4:      serial_shops, shop, kennysheep_mini, nicolae_shop_waterfront,
          nicolae_shop_stone, shop
D:5:      glass_columns_b, uniq_prince_ribbit1, uniq_blork_the_orc,
          uniq_eustachio

Action                   |  1- 3 |  4- 6 |  7- 9 || total
-------------------------+-------+-------+-------++-------
Melee: Dagger            |   125 |   120 |     5 ||   250
       Falchion          |       |     4 |       ||     4
       Short sword       |       |       |     2 ||     2
Throw: Stone             |    11 |     8 |       ||    19
 Cast: Corona            |    23 |    25 |     2 ||    50
       Ensorcelled Hiber |     4 |     6 |       ||    10
       Confuse           |     2 |     3 |       ||     5
       Tukima's Dance    |       |     5 |     1 ||     6
       Dazzling Spray    |       |     1 |     2 ||     3
  Use: Scroll            |     3 |     5 |       ||     8
       Potion            |       |     5 |     1 ||     6
 Stab: Sleeping          |    16 |    19 |     1 ||    36
       Distracted        |     1 |       |       ||     1
       Confused          |     1 |       |       ||     1
  Eat: Corpse            |    16 |    10 |       ||    26
